 Dungeon Crawl Stone Soup version 0.26-a0-812-g31a745ddcd (webtiles) character file.

Game seed: 15377698122699429812

414957 Arthanis the Executioner (level 23, -2/234 HPs)
             Began as a Gargoyle Berserker on Nov 23, 2020.
             Was the Champion of Trog.
             Killed from afar by a fire giant (18 damage)
             ... with a bolt of fire
             ... on level 4 of the Vaults.
             The game lasted 01:20:47 (43633 turns).

Arthanis the Executioner (Gargoyle Berserker)      Turns: 43633, Time: 01:20:48

Health: -2/234     AC: 54    Str: 34    XL:     23   Next: 58%
Magic:  23/23      EV:  8    Int: 12    God:    Trog [******]
Gold:   2012       SH: 35    Dex:  6    Spells: 22/22 levels left

rFire    + . .     SeeInvis .   P - +1 war axe (vamp)
rCold    . . .     Faith    .   h - +18 shield of the Gong {rElec rN+ MR+ EV-5}
rNeg     + + .     Spirit   .   F - +14 plate armour of Omission {rElec Stlth+}
rPois    ∞         Reflect  +   b - +1 helmet "Huonaa" {+Inv rC- Str+8}
rElec    +         Harm     .   u - scarf {rC+ rF+}
rCorr    .         Rampage  .   y - +1 pair of gloves of Defiance {MR+++ Regen+ Int-5 Dex-3}
MR       +++++                  I - +1 pair of boots
Stlth    ..........             e - amulet of reflection
HPRegen  1.89/turn              i - +6 ring of strength
MPRegen  0.18/turn              g - +4 ring of evasion

@: berserking, corroded, flying, regenerating, lightly drained, very quick
A: big wings, negative energy resistance 1, electricity resistance, weak 1,
unbreathing, petrification resistance, rot immunity, AC +17
}: 2/15 runes: decaying, barnacled
a: Stop Flying, Berserk, Trog's Hand, Brothers in Arms, Renounce Religion, Evoke
Invisibility


You were on level 4 of the Vaults.
You worshipped Trog.
Trog was exalted by your worship.
You visited 7 branches of the dungeon, and saw 39 of its levels.
You also visited: Gauntlet and Ice Cave.

You collected 5109 gold pieces.
You spent 3097 gold pieces at shops.

Inventory:

Hand Weapons
 k - the +7 broad axe of Accord {flame, +Fly rElec rF++}
   (Trog gifted it to you on level 10 of the Dungeon)

   It has been specially enchanted to burn those struck by it, causing extra
   injury to most foes and up to half again as much damage against particularly
   susceptible opponents.
   Big, fiery blades are also staple armaments of hydra-hunters.
   It greatly protects you from fire.
   It insulates you from electricity.
   It lets you fly.
 O - a +2 broad axe of electrocution
 P - a +1 vampiric war axe (weapon)
Missiles
 M - 8 throwing nets (quivered)
Armour
 b - the +1 helmet "Huonaa" (worn) {+Inv rC- Str+8}
   (You bought it in a shop on level 2 of the Orcish Mines)

   It affects your strength (+8).
   It makes you vulnerable to cold.
   It lets you turn invisible.
 h - the +18 shield of the Gong (worn) {rElec rN+ MR+ EV-5}
   (You took it off a deep elf mage on level 3 of the Elven Halls)

   It affects your evasion (-5).
   It insulates you from electricity.
   It protects you from negative energy.
   It affects your resistance to hostile enchantments.
 u - a scarf of resistance (worn)
 y - the +1 pair of gloves of Defiance (worn) {MR+++ Regen+ Int-5 Dex-3}
   (You acquired it on level 1 of the Swamp)

   It affects your intelligence (-5).
   It affects your dexterity (-3).
   It affects your resistance to hostile enchantments.
   It increases your rate of regeneration.
 F - the +14 plate armour of Omission (worn) {rElec Stlth+}
   (You found it on level 2 of the Swamp)

   It insulates you from electricity.
   It makes you more stealthy.
 I - a +1 pair of boots (worn)
 L - a +0 crystal plate armour
Jewellery
 e - an amulet of reflection (around neck)
 f - a +6 ring of strength
 g - a +4 ring of evasion (right hand)
 i - a +6 ring of strength (left hand)
 Q - an uncursed ring of see invisible
Wands
 a - a wand of acid (10)
 o - a wand of paralysis (30)
 v - a wand of iceblast (29)
 w - a wand of digging (35)
 K - a wand of disintegration (9)
 S - a wand of flame (41)
Scrolls
 c - 12 scrolls of identify
 j - 7 scrolls of blinking
 l - 8 scrolls of magic mapping
 p - 12 scrolls of remove curse
 r - 10 scrolls of enchant armour
 x - 11 scrolls of teleportation
 E - 5 scrolls of summoning
 N - a scroll of holy word
 U - 6 scrolls of enchant weapon
 V - 8 scrolls of vulnerability
 W - 5 scrolls of fear
 Y - 4 scrolls of fog
Potions
 d - 12 potions of lignification
 m - a potion of cancellation
 n - 15 potions of curing
 q - 4 potions of resistance
 s - 6 potions of haste
 z - 3 potions of magic
 A - 6 potions of might
 B - 3 potions of berserk rage
 C - 6 potions of invisibility
 D - 14 potions of heal wounds
 G - 10 potions of ambrosia
 H - 3 potions of brilliance
 R - 4 potions of mutation
Miscellaneous
 J - a lightning rod (4/4)
 X - a box of beasts
 Z - a condenser vane


   Skills:
 - Level 20.0(19.6) Fighting
 * Level 23.4(23.1) Axes
 - Level 18.0(17.6) Armour
 + Level 7.7(7.5) Dodging
 + Level 9.2(8.9) Shields
 + Level 14.8(14.5) Evocations


You had 22 spell levels left.
You didn't know any spells.
Your spell library contained the following spells:

 Spells                   Type           Power        Failure   Level
 Animate Skeleton         Necr           #.....       96%         1
 Apportation              Tloc           #.....       96%         1
 Corona                   Hex            #......      96%         1
 Magic Dart               Conj           #...         96%         1
 Pain                     Necr           #...         96%         1
 Sandblast                Erth           #.....       96%         1
 Sting                    Tmut/Pois      #...         96%         1
 Summon Small Mammal      Summ           #...         96%         1
 Blink                    Tloc           N/A          99%         2
 Corpse Rot               Necr/Air       N/A          99%         2
 Passwall                 Tmut/Erth      #.......     99%         2
 Poisonous Vapours        Pois/Air       #.....       99%         2
 Searing Ray              Conj           #.....       99%         2
 Confusing Touch          Hex            #.......     100%        3
 Dazzling Flash           Conj/Hex       #.....       100%        3
 Frozen Ramparts          Ice            #.....       100%        3
 Gell's Gravitas          Tloc           #.........   100%        3
 Ignite Poison            Fire/Tmut/Pois #.......     100%        3
 Lesser Beckoning         Tloc           #.........   100%        3
 Mephitic Cloud           Conj/Pois/Air  #.......     100%        3
 Stone Arrow              Conj/Erth      #.....       100%        3
 Teleport Other           Tloc           #.......     100%        3
 Tukima's Dance           Hex            #.......     100%        3
 Vampiric Draining        Necr           #.........   100%        3
 Animate Dead             Necr           #.........   100%        4
 Cause Fear               Hex            #.........   100%        4
 Dispel Undead            Necr           #.......     100%        4
 Fulminant Prism          Conj/Hex       #.........   100%        4
 Ice Form                 Ice/Tmut       #.......     100%        4
 Iskenderun's Mystic Bla  Conj/Tloc      #.......     100%        4
 Leda's Liquefaction      Hex/Erth       #.........   100%        4
 Olgreb's Toxic Radiance  Pois           #.......     100%        4
 Petrify                  Tmut/Erth      #.......     100%        4
 Agony                    Necr           #.......     100%        5
 Alistair's Intoxication  Tmut/Pois      #........    100%        5
 Bolt of Magma            Conj/Fire/Erth #.........   100%        5
 Excruciating Wounds      Necr           #.........   100%        5
 Irradiate                Conj/Tmut      #.........   100%        5
 Iskenderun's Battlesphe  Conj           #.......     100%        5
 Metabolic Englaciation   Hex/Ice        #.........   100%        5
 Silence                  Hex/Air        #.........   100%        5
 Summon Forest            Summ/Tloc      #.........   100%        5
 Yara's Violent Unravell  Hex/Tmut       #.........   100%        5
 Freezing Cloud           Conj/Ice/Air   #.........   100%        6
 Hydra Form               Tmut           #.........   100%        6
 Invisibility             Hex            #.......     100%        6
 Iron Shot                Conj/Erth      #.........   100%        6
 Ozocubu's Refrigeration  Ice            #.........   100%        6
 Simulacrum               Ice/Necr       #.........   100%        6
 Starburst                Conj/Fire      #.........   100%        6
 Dragon Form              Tmut           #.........   100%        7
 Orb of Destruction       Conj           #.........   100%        7
 Spellforged Servitor     Conj/Summ      #.........   100%        7
 Discord                  Hex            #.........   100%        8
 Shatter                  Erth           #.........   100%        9
 Sublimation of Blood     Necr           Unusable     N/A         2
 Statue Form              Tmut/Erth      Unusable     N/A         6

Dungeon Overview and Level Annotations

Branches:
Dungeon (15/15)            Temple (0/1) D:7            Lair (6/6) D:8
  Swamp (4/4) Lair:4       Shoals (4/4) Lair:2        Slime (0/5) Lair:6
    Orc (2/2) D:10            Elf (3/3) Orc:2        Vaults (5/5) D:13
  Crypt (0/3) Vaults:2     Depths (0/5) D:15          IceCv (visited)
Gauntlet (visited)

Altars:
Elyvilon
Fedhas
Gozag
Makhleb
Qazlal
Trog
Yredelemnul
Jiyva

Shops:
D:12 ?   Orc:1 *   Orc:2 [[[[   Elf:3 !(:[   Shoals:1 ?}   Shoals:4 }
Vaults:1 *   Vaults:3 :   Vaults:4 (

Portals:
Hell: Lair:6

Annotations:
D:3 1 runed translucent door, mhoghedin's ghost, amateur PaTm
D:6 1 runed translucent door, Enish's ghost, amateur OpDe
Lair:4 exclusion: oklob plant
Swamp:4 exclusion: 2 oklob plants
Vaults:2 exclusion: 2 ice statues


Innate Abilities, Weirdness & Mutations

You are resistant to torment.
Your stone body is resilient. (AC +17)
You are immune to poison.
Your large and strong wings let you fly indefinitely.
You resist negative energy. (rN+)
You are resistant to electric shocks. (rElec)
You can survive without breathing.
You are immune to petrification.
You are immune to rotting.
You are weak. (Str -2)


Message History

You slash the fire giant!
Flame seeps out of the fire giant.
The fire giant is severely wounded.
You hit the shadow dragon but do no damage.
You hit the ancient lich but do no damage.
The shadow dragon is engulfed in blazing flames.
Flame seeps out of the shadow dragon.
The shadow dragon breathes negative energy at you.
The bolt of negative energy hits you but does no damage.
You partially resist.
You feel drained.
The bolt of negative energy misses the ancient lich.
The ancient lich touches you but does no damage.
Your shield prevents you from hitting the ancient lich.
The ancient lich is almost destroyed.
You slash the fire giant!
Flame seeps out of the fire giant.
You feel better.
You hit the shadow dragon but do no damage.
The fire giant is engulfed in blazing flames.
Flame seeps out of the fire giant.
The fire giant points at you and mumbles some strange words.
The bolt of fire hits you!! You resist.
You die...

....'......# #..........# ##.
....#......# #..........# #..
....#......# #..........# #..
..(.#......# ####'####'## #..
#####......########.........#
### #......'....[.'.........#
#. #..[...#..)[[.#.........#
#. #()[...#...D[[#.........#
#. #......#...C@(#....(....#
#.
###'######.....L#.........#
#. #[.....#
#......########### #.
#......# ######## #. #......#
#. #...∩..# #. #......# #.
######## #. #.


You could see a shadow dragon (inner flame, catching breath), an ancient lich
(fast, empowered) and a fire giant (inner flame, empowered).

Vanquished Creatures
  An ancient lich (Vaults:4)
  Saint Roka (Vaults:2)
  Bai Suzhen (Shoals:3)
  Frederick (Vaults:3)
  A lich (Vaults:3)
  A deep elf master archer (Elf:3)
  A tengu reaver (Vaults:5)
  2 krakens
  Polyphemus (Shoals:3)
  6 thorn hunters
  A shadow dragon (Vaults:5)
  3 sphinxes
  Gastronok (D:8)
  Roxanne (Swamp:3)
  A fenstrider witch (Swamp:3)
  Kirke (Shoals:3)
  Donald (Elf:3)
  2 azure jellies (Vaults:2)
  3 frost giants
  2 fire giants (Vaults:3)
  An iron dragon (Vaults:2)
  11 deep elf sorcerers
  6 vault wardens
  6 very ugly things
  15 ironheart preservers
  4 deep elf elementalists
  A hydra skeleton (Swamp:4)
  8 stone giants
  A war gargoyle (Vaults:5)
  2 vampire knights (Swamp:4)
  An entropy weaver (Vaults:3)
  5 deep elf demonologists
  4 bunyips
  6 deep elf annihilators
  A dire elephant (Lair:6)
  A minotaur (Gauntlet)
  6 eleionomae
  10 deep elf death magi
  Snorg (D:12)
  9 merfolk javelineers
  6 merfolk impalers
  3 ettins
  5 yaktaur captains
  4 fire dragons
  Harold (D:8)
  2 ice dragons
  29 vault guards
  4 deep elf high priests
  3 great orbs of eyes
  Fannar (Lair:2)
  A shambling mangrove (Swamp:4)
  A rakshasa (Vaults:2)
  2 ghost crabs
  5 boulder beetles
  2 merfolk avatars
  6 alligators
  2 catoblepae
  4 merfolk aquamancers
  2 satyrs
  22 dancing weapons
  A death yak (shapeshifter) (Vaults:4)
  4 alligator snapping turtles
  23 hydras
  28 two-headed ogres
  4 death knights
  12 ogre magi
  3 centaur warriors
  Urug (D:12)
  2 orc high priests
  A vampire mage (Vaults:2)
  2 death yaks (Shoals:3)
  A deep troll earth mage (Vaults:2)
  31 deep elf knights
  Sonja (Lair:6)
  7 goliath frogs
  A shadow wraith (Vaults:4)
  A sixfirhy (Lair:6)
  11 sea snakes
  2 small abominations (Elf:3)
  3 flayed ghosts
  7 wizards
  3 unseen horrors
  A deep troll (shapeshifter) (Vaults:4)
  2 unseen horrors (shapeshifter)
  8 bog bodies
  5 spriggan druids
  6 deep trolls
  An obsidian statue (Gauntlet)
  8 ironbrand convokers
  15 deep elf archers
  2 spectral hydras (Swamp:4)
  Pikel (D:4)
  22 harpies
  A wolf spider zombie (D:12)
  23 orc knights
  10 swamp dragons
  A lindwurm (Lair:6)
  4 phantasmal warriors
  2 necromancers
  18 ugly things
  17 manticores
  3 wolf spiders
  4 orc sorcerers
  79 deep elf magi
  4 will-o-the-wisps
  5 cyclopes
  5 fauns
  24 elephants
  A human skeleton (Vaults:2)
  2 black mambas (Lair:2)
  Maurice (Orc:1)
  A salamander (shapeshifter) (Vaults:1)
  A stone giant skeleton (Vaults:2)
  5 merfolk sirens
  A fire giant skeleton (Vaults:2)
  An ice statue (IceCv)
  3 water nymphs
  17 vault sentinels
  A gargoyle (D:12)
  2 orange demons (Lair:6)
  18 cane toads
  2 minotaur zombies (Gauntlet)
  3 rime drakes
  24 yaktaurs
  A kobold demonologist (D:14)
  10 komodo dragons
  3 ice devils (Lair:6)
  2 efreet
  16 freezing wraiths
  Maggie (D:6)
  2 tengu conjurers (D:14)
  A hellwing (Lair:6)
  25 merfolk
  An anaconda simulacrum (Vaults:2)
  4 trolls
  A yaktaur skeleton (Vaults:2)
  A queen bee (D:12)
  3 meliai (D:12)
  A polar bear (shapeshifter) (Vaults:2)
  2 hydra zombies (Swamp:4)
  11 wind drakes
  2 death drake zombies (Swamp:4)
  14 hornets
  A polar bear (Lair:6)
  A hornet (shapeshifter) (Vaults:3)
  12 tyrant leeches
  A dream sheep (Lair:6)
  19 blink frogs
  24 slime creatures
  13 snapping turtles
  Sigmund (D:2)
  7 air elementals
  2 human simulacra
  4 wraiths
  A vampire (D:11)
  9 spriggans
  Eustachio (D:5)
  22 water elementals
  A tarantella (shapeshifter) (Vaults:4)
  A shadow (D:14)
  62 yaks
  2 tarantellas (Vaults:3)
  A yak (shapeshifter) (D:14)
  7 wyverns
  A golden eye (shapeshifter) (Vaults:1)
  9 basilisks
  7 hogs (Shoals:3)
  2 fire elementals
  7 wargs
  Menkaure (D:4)
  A death yak simulacrum (IceCv)
  A steam dragon (D:8)
  20 swamp worms
  A harpy simulacrum (Vaults:2)
  4 hydra simulacra (Swamp:4)
  A soldier ant (shapeshifter) (Elf:3)
  2 soldier ants
  5 hell hounds (Lair:6)
  13 water moccasins
  4 acid dragons
  45 orc warriors
  4 sky beasts
  4 swamp drakes
  A fire dragon simulacrum (Vaults:2)
  16 ice beasts
  2 black bears
  4 swamp dragon zombies (Swamp:4)
  3 eyes of draining (D:11)
  3 phantoms
  38 ogres
  5 necrophages (D:11)
  13 wolves
  22 centaurs
  2 black mamba simulacra (Vaults:2)
  5 boggarts (Vaults:3)
  2 lemures (D:4)
  2 big kobolds
  A human zombie (Vaults:2)
  16 bullfrogs
  6 earth elementals
  A glowing shapeshifter simulacrum (Vaults:3)
  A water moccasin zombie (D:7)
  3 wyvern skeletons
  4 scorpions
  2 swamp dragon simulacra (IceCv)
  2 electric eels (Elf:2)
  28 killer bees
  15 wights
  A howler monkey (D:9)
  A bullfrog zombie (D:9)
  6 centaur zombies
  A quasit (D:11)
  7 draconian simulacra (IceCv)
  8 hounds
  3 jellies
  23 orc priests
  23 orc wizards
  2 centaur skeletons
  Jessica (D:2)
  Natasha (twice) (D:3)
  A bullfrog skeleton (D:12)
  A gnoll shaman (D:4)
  Terence (D:2)
  4 iguanas
  8 worker ants
  6 spriggan simulacra (IceCv)
  3 troll simulacra
  A wolf simulacrum (IceCv)
  5 centaur simulacra (IceCv)
  A hound zombie (D:6)
  A hound skeleton (D:4)
  4 mummies
  2 worker ant zombies
  Robin (D:2)
  15 gnolls
  A howler monkey skeleton (D:2)
  9 adders
  2 naga simulacra (Vaults:2)
  A shadow imp (D:6)
  14 white imps
  4 ufetubi
  An ooze (D:3)
  3 adder skeletons
  5 worms
  A worm (shapeshifter) (Vaults:4)
  2 dart slugs (D:1)
  A leopard gecko (D:1)
  84 orcs
  A ball python (D:2)
  10 bats
  5 giant cockroaches
  12 goblins
  6 hobgoblins
  16 jackals
  26 kobolds
  A quokka (D:4)
  5 frilled lizards
  3 hobgoblin zombies (D:6)
  A jackal zombie (D:7)
  A leopard gecko zombie (D:5)
  An orc zombie (D:6)
  A quokka skeleton (D:9)
  A quokka zombie (D:5)
  5 rats
  6 briar patches (Swamp:4)
  A crawling corpse (Elf:3)
  5 tentacles
1728 creatures vanquished.

Vanquished Creatures (collateral kills)
  Asterion (Vaults:1)
  A deep elf demonologist (Elf:3)
  A deep elf annihilator (Elf:3)
  A boulder beetle (D:14)
  A hydra (Swamp:4)
  A rakshasa (Vaults:1)
  3 dancing weapons (Elf:2)
  3 deep elf magi
  A will-o-the-wisp (Swamp:1)
13 creatures vanquished.

Vanquished Creatures (others)
  Ilsuiw (Shoals:2)
  2 deep elf annihilators
  2 deep elf high priests (Elf:3)
  2 dancing weapons
  A deep elf knight (Elf:1)
  A sea snake (Shoals:1)
  A deep elf archer (Elf:1)
  A swamp dragon (Swamp:2)
  5 deep elf magi
  A manticore (Shoals:2)
  A wind drake (Shoals:2)
  2 bloated husks
  A tyrant leech (shapeshifter) (Elf:3)
  2 orc warriors
  2 briar patches (Swamp:4)
  17 foxfires
  15 fungi
  103 plants
  6 tentacles
  18 withered plants
184 creatures vanquished.

Grand Total: 1925 creatures vanquished

Notes
Turn   | Place    | Note
-------+----------+-------------------------------------------
     0 | D:1      | Arthanis the Gargoyle Berserker began the quest for the
                  | Orb.
     0 | D:1      | Reached XP level 1. HP: 14/14 MP: 1/1
   190 | D:1      | Reached XP level 2. HP: 18/19 MP: 2/2
   231 | D:1      | Reached skill level 3 in Axes
   560 | D:1      | Reached XP level 3. HP: 23/23 MP: 3/3
  1121 | D:2      | Reached ** piety under Trog
  1125 | D:2      | Reached XP level 4. HP: 29/29 MP: 4/4
  1204 | D:2      | Noticed Robin
  1222 | D:2      | Killed Robin
  1399 | D:2      | Noticed Terence
  1403 | D:2      | Killed Terence
  1403 | D:2      | Reached XP level 5. HP: 33/33 MP: 5/5
  1424 | D:2      | Reached skill level 4 in Axes
  1435 | D:2      | Noticed Sigmund
  1460 | D:2      | Killed Sigmund
  1460 | D:2      | Reached XP level 6. HP: 39/39 MP: 6/6
  1797 | D:2      | Noticed Jessica
  1804 | D:2      | Killed Jessica
  2456 | D:3      | Reached skill level 5 in Axes
  2460 | D:3      | Reached *** piety under Trog
  2471 | D:3      | Reached skill level 5 in Fighting
  2471 | D:3      | Reached XP level 7. HP: 27/44 MP: 7/7
  2738 | D:3      | Noticed Natasha
  2754 | D:3      | Killed Natasha
  3012 | D:3      | Found a runed translucent door.
  3013 | D:3      | Noticed mhoghedin's ghost (amateur PaTm)
  3073 | D:3      | Noticed Natasha
  3085 | D:3      | Killed Natasha
  3382 | D:4      | Reached skill level 5 in Armour
  3678 | D:4      | Noticed Menkaure
  3684 | D:4      | Killed Menkaure
  3684 | D:4      | Reached skill level 6 in Axes
  3684 | D:4      | Reached XP level 8. HP: 51/51 MP: 8/8
  3772 | D:4      | Reached **** piety under Trog
  4049 | D:4      | Noticed Pikel
  4062 | D:4      | Killed Pikel
  4062 | D:4      | Reached skill level 7 in Axes
  4373 | D:5      | Entered Level 5 of the Dungeon
  4730 | D:5      | Noticed Eustachio
  4743 | D:5      | Killed Eustachio
  4743 | D:5      | Reached XP level 9. HP: 57/57 MP: 9/9
  4797 | D:5      | Reached skill level 8 in Axes
  6165 | D:6      | Reached skill level 1 in Evocations
  6459 | D:6      | Found a runed translucent door.
  6464 | D:6      | Noticed Enish's ghost (amateur OpDe)
  6980 | D:6      | Noticed Maggie
  7001 | D:6      | Killed Maggie
  7001 | D:6      | Reached skill level 9 in Axes
  7265 | D:7      | Found a staircase to the Ecumenical Temple.
  7327 | D:7      | Found a stormy altar of Qazlal.
  7543 | D:7      | Found an opulent altar of Gozag.
  7860 | D:8      | Noticed a two-headed ogre
  7869 | D:8      | Killed a two-headed ogre
  7869 | D:8      | Reached XP level 10. HP: 65/65 MP: 10/10
  8233 | D:8      | Reached skill level 10 in Axes
  8315 | D:8      | Noticed Gastronok
  8343 | D:8      | Killed Gastronok
  8343 | D:8      | Reached ***** piety under Trog
  8473 | D:8      | Noticed Harold
  8496 | D:8      | Killed Harold
  8496 | D:8      | Reached skill level 11 in Axes
  8496 | D:8      | Reached XP level 11. HP: 72/72 MP: 11/11
  8779 | D:8      | Reached skill level 10 in Fighting
  9077 | D:8      | Got a dazzling kite shield
  9085 | D:8      | Found a staircase to the Lair.
  9105 | D:8      | Identified the +1 kite shield "Oroigor" {rF- rN+ MR+ Dex+5}
                  | (You found it on level 8 of the Dungeon)
  9559 | D:9      | Reached skill level 1 in Shields
  9806 | D:9      | Got a translucent flail
 10117 | D:10     | Entered Level 10 of the Dungeon
 10126 | D:10     | Received a gift from Trog
 10150 | D:10     | Got a crystal broad axe {god gift}
 10151 | D:10     | Identified the +7 broad axe of Accord {flame, +Fly rElec
                  | rF++} (Trog gifted it to you on level 10 of the Dungeon)
 10233 | D:10     | Identified the +8 flail of Rotation {flame, Int+4} (You
                  | found it on level 9 of the Dungeon)
 10351 | D:10     | Found a staircase to the Orcish Mines.
 10467 | D:10     | Reached skill level 12 in Axes
 10531 | D:10     | Found a white marble altar of Elyvilon.
 10734 | D:11     | Noticed a boulder beetle
 10752 | D:11     | Killed a boulder beetle
 10807 | D:11     | Noticed a manticore
 10808 | D:11     | Noticed a cyclops
 10820 | D:11     | Killed a manticore
 10825 | D:11     | Killed a cyclops
 10825 | D:11     | Reached XP level 12. HP: 79/79 MP: 4/12
 11415 | D:11     | Reached skill level 13 in Axes
 11473 | D:12     | Noticed a two-headed ogre
 11482 | D:12     | Killed a two-headed ogre
 11707 | D:12     | Noticed a seven-headed hydra
 11708 | D:12     | Noticed a centaur warrior
 11722 | D:12     | Killed a ten-headed hydra
 11735 | D:12     | Killed a centaur warrior
 11874 | D:12     | Noticed an eight-headed hydra
 11886 | D:12     | Killed a six-headed hydra
 11960 | D:12     | Received a gift from Trog
 12243 | D:12     | Reached skill level 14 in Axes
 12469 | D:12     | Noticed Snorg
 12488 | D:12     | Killed Snorg
 12488 | D:12     | Reached XP level 13. HP: 87/87 MP: 13/13
 12521 | D:12     | Noticed Urug
 12539 | D:12     | Killed Urug
 12895 | D:12     | Found Duyfar's Magic Scroll Shoppe.
 12903 | D:12     | Bought a scroll of vulnerability for 120 gold pieces
 12903 | D:12     | Bought a scroll of blinking for 120 gold pieces
 12903 | D:12     | Bought a scroll of fear for 56 gold pieces
 12903 | D:12     | Bought a scroll of identify for 32 gold pieces
 12903 | D:12     | Bought a scroll of fog for 32 gold pieces
 12903 | D:12     | Bought a scroll of identify for 32 gold pieces
 12903 | D:12     | Bought a scroll of identify for 32 gold pieces
 12903 | D:12     | Bought a scroll of identify for 32 gold pieces
 12903 | D:12     | Bought a scroll of magic mapping for 56 gold pieces
 13099 | D:13     | Found a gate to the Vaults.
 13253 | D:13     | Identified a scroll of acquirement
 13254 | D:13     | Acquired a manual of Armour
 13756 | D:14     | Found a gate leading to a gauntlet.
 13779 | Gauntlet | Entered a Gauntlet
 13779 | Gauntlet | Found a transporter.
 13779 | Gauntlet | Found a transporter.
 13790 | Gauntlet | Found a transporter.
 13791 | Gauntlet | Found the ring of Shadows {Umbra +Inv Stlth+}
 13795 | Gauntlet | Found a transporter.
 13809 | Gauntlet | Identified Sif Muna's Disquisition on Combat Magic and
                  | Lightness
 13848 | Gauntlet | Found a transporter.
 13928 | Gauntlet | Found a transporter.
 13936 | Gauntlet | Identified the +9 war axe of Qeummiugec {protect, rC+ MR+
                  | MP+9 Dex-3}
 13936 | Gauntlet | Identified the +8 chain mail of Ejeugu {rCorr Int+4 Dex+3
                  | Slay-3}
 13936 | Gauntlet | Noticed a minotaur
 13950 | Gauntlet | Killed a minotaur
 14197 | D:14     | Reached skill level 15 in Axes
 14407 | D:14     | Reached ****** piety under Trog
 14465 | D:14     | Reached skill level 5 in Evocations
 14473 | D:14     | Got an ancient pewter ring
 14635 | D:14     | Noticed a great orb of eyes
 14649 | D:14     | Killed a great orb of eyes
 14651 | D:14     | Received a gift from Trog
 15058 | D:14     | Gained mutation: Your large and strong wings let you fly
                  | indefinitely. [Gargoyle growth]
 15058 | D:14     | Reached XP level 14. HP: 94/94 MP: 14/14
 15451 | D:14     | Reached skill level 10 in Armour
 15570 | D:15     | Entered Level 15 of the Dungeon
 15706 | D:15     | Identified the ring of Muihoiro {+Fly rPois rF- MR+ Dex+3}
                  | (You found it on level 14 of the Dungeon)
 16014 | D:15     | Found a staircase to the Depths.
 16615 | Orc:1    | Entered Level 1 of the Orcish Mines
 16767 | Orc:1    | Noticed Maurice
 16777 | Orc:1    | Killed Maurice
 16833 | Orc:1    | Reached skill level 16 in Axes
 17101 | Orc:1    | Found Wuqoufou's General Store.
 17104 | Orc:1    | Bought a scroll of teleportation for 42 gold pieces
 17104 | Orc:1    | Bought a scroll of identify for 28 gold pieces
 17104 | Orc:1    | Bought a potion of attraction for 42 gold pieces
 17104 | Orc:1    | Bought a scroll of identify for 28 gold pieces
 17203 | Orc:2    | Entered Level 2 of the Orcish Mines
 17405 | Orc:2    | Found a staircase to the Elven Halls.
 17573 | Orc:2    | Received a gift from Trog
 17631 | Orc:2    | Found Fukont's Armour Emporium.
 17631 | Orc:2    | Found Cez Coim's Armour Boutique.
 17633 | Orc:2    | Found Neugucwesiro's Armour Shop.
 17696 | Orc:2    | Found Xezyesk's Armour Shoppe.
 17787 | Orc:2    | Reached XP level 15. HP: 100/100 MP: 15/15
 18074 | Orc:2    | Found a bloodstained altar of Trog.
 18334 | Orc:2    | Bought the +1 helmet "Huonaa" {+Inv rC- Str+8} for 499 gold
                  | pieces
 18349 | Orc:2    | Bought a scarf of resistance for 448 gold pieces
 18509 | Lair:1   | Entered Level 1 of the Lair of Beasts
 18986 | Lair:1   | Received a gift from Trog
 19253 | Lair:2   | Found a staircase to the Shoals.
 19460 | Lair:2   | Found a frozen archway.
 19510 | IceCv    | Entered an ice cave
 19690 | IceCv    | Found an ancient bone altar of Kikubaaqudgha.
 19822 | IceCv    | Received a gift from Trog
 19870 | IceCv    | Got a fading hat
 20023 | Lair:2   | Noticed Fannar
 20037 | Lair:2   | Killed Fannar
 21313 | Lair:3   | Received a gift from Trog
 21472 | Lair:3   | Reached skill level 17 in Axes
 21625 | Lair:3   | Identified the cursed +0 hat of Xipris {rPois Str+2} (You
                  | found it in an ice cave)
 21954 | Lair:4   | Found a white marble altar of Elyvilon.
 22196 | Lair:4   | Found a staircase to the Swamp.
 23046 | Lair:5   | Reached XP level 16. HP: 107/107 MP: 16/16
 23693 | Lair:6   | Entered Level 6 of the Lair of Beasts
 23714 | Lair:6   | Reached skill level 5 in Shields
 23716 | Lair:6   | Reached skill level 15 in Fighting
 23908 | Lair:6   | Found a viscous altar of Jiyva.
 23908 | Lair:6   | Found a staircase to the Slime Pits.
 24210 | Lair:6   | Received a gift from Trog
 24790 | Lair:6   | Found a burning altar of Makhleb.
 24791 | Lair:6   | Noticed Sonja
 24816 | Lair:6   | Found a gateway to Hell.
 24819 | Lair:6   | Killed Sonja
 25159 | Swamp:1  | Entered Level 1 of the Swamp
 25321 | Swamp:1  | Noticed a thorn hunter
 25347 | Swamp:1  | Killed a thorn hunter
 25383 | Swamp:1  | Reached skill level 15 in Armour
 25739 | Swamp:1  | Received a gift from Trog
 26012 | Swamp:1  | Acquired the +1 pair of gloves of Defiance {MR+++ Regen+
                  | Int-5 Dex-3}
 26385 | Swamp:2  | Reached skill level 18 in Axes
 26558 | Swamp:2  | Identified the +14 plate armour of Omission {rElec Stlth+}
                  | (You found it on level 2 of the Swamp)
 26690 | Swamp:2  | Reached XP level 17. HP: 114/114 MP: 17/17
 27200 | Swamp:4  | Entered Level 4 of the Swamp
 27654 | Swamp:3  | Reached skill level 10 in Evocations
 27704 | Swamp:3  | Identified Roxanne's Volume of Clay
 27704 | Swamp:3  | Noticed Roxanne
 27736 | Swamp:3  | Killed Roxanne
 28026 | Swamp:4  | Reached skill level 5 in Dodging
 28544 | Swamp:4  | Received a gift from Trog
 28687 | Swamp:4  | Found a blossoming altar of Fedhas.
 28696 | Swamp:4  | Reached XP level 18. HP: 26/120 MP: 18/18
 28930 | Swamp:4  | Found a basalt altar of Yredelemnul.
 28944 | Swamp:4  | Got a decaying rune of Zot
 29344 | Vaults:1 | Entered Level 1 of the Vaults
 29514 | Vaults:1 | Reached skill level 19 in Axes
 29840 | Vaults:1 | Received a gift from Trog
 29960 | Vaults:1 | Found Zenul's Assorted Antiques.
 30029 | Vaults:1 | Bought a scroll of identify for 66 gold pieces
 30029 | Vaults:1 | Bought a scroll of identify for 66 gold pieces
 30029 | Vaults:1 | Bought a potion of lignification for 99 gold pieces
 30029 | Vaults:1 | Bought a scroll of fear for 115 gold pieces
 30029 | Vaults:1 | Bought a potion of curing for 99 gold pieces
 30132 | Vaults:1 | You are sucked into a shaft and drop 1 floor!
 30413 | Vaults:1 | Noticed Asterion
 30422 | Vaults:1 | Killed Asterion
 30849 | Vaults:1 | Received a gift from Trog
 30852 | Vaults:1 | Got an ichor-stained executioner's axe {god gift}
 31048 | Vaults:2 | Found a staircase to the Crypt.
 31142 | Vaults:2 | Reached XP level 19. HP: 128/128 MP: 19/19
 31488 | Vaults:2 | Noticed Saint Roka
 31530 | Vaults:2 | Killed Saint Roka
 31785 | Vaults:2 | Reached skill level 20 in Axes
 31940 | Vaults:2 | Identified the Reference Book on Clay
 32065 | Vaults:2 | Noticed a Hell Sentinel
 32068 | Vaults:2 | Received a gift from Trog
 32784 | Vaults:3 | Noticed a lich
 32798 | Vaults:3 | Killed a lich
 32909 | Vaults:3 | Reached XP level 20. HP: 136/136 MP: 20/20
 32925 | Vaults:3 | Found Refude Uneph's Book Shop.
 32995 | Vaults:3 | Received a gift from Trog
 33009 | Vaults:3 | Identified the +12 executioner's axe of Dismemberment
                  | {vorpal, MR- Int+3} (Trog gifted it to you on level 1 of
                  | the Vaults)
 33478 | Vaults:3 | Noticed Frederick
 33492 | Vaults:3 | Killed Frederick
 33788 | Vaults:4 | Received a gift from Trog
 33901 | Vaults:4 | Reached skill level 21 in Axes
 34187 | Vaults:4 | Received a gift from Trog
 34384 | Vaults:4 | Found Saustimux's Weapon Shoppe.
 34567 | Vaults:4 | Reached XP level 21. HP: 142/142 MP: 21/21
 35051 | Elf:1    | Entered Level 1 of the Elven Halls
 35134 | Elf:1    | Received a gift from Trog
 35569 | Elf:1    | Received a gift from Trog
 35576 | Elf:1    | Identified the +7 battleaxe of Spring {flame, *Corrode
                  | rElec Str+9} (Trog gifted it to you on level 1 of the Elven
                  | Halls)
 36645 | Elf:2    | Received a gift from Trog
 36653 | Elf:2    | Got a sparkling silver ring
 36659 | Elf:2    | Identified the ring of Kenocriug {Fire *Corrode rN+ Int+4}
                  | (You found it on level 2 of the Elven Halls)
 36930 | Elf:2    | Reached skill level 22 in Axes
 37133 | Elf:2    | Found a huge runed translucent gate.
 37133 | Elf:2    | Found a huge runed translucent gate.
 37134 | Elf:2    | Found a huge runed translucent gate.
 37135 | Elf:2    | Found a huge runed translucent gate.
 37146 | Elf:2    | Found a huge runed translucent gate.
 37591 | Elf:3    | Entered Level 3 of the Elven Halls
 37665 | Elf:3    | Noticed Donald
 37696 | Elf:3    | Killed Donald
 37798 | Elf:3    | Found Ithrat's Antique Armour Emporium.
 38038 | Elf:3    | Found Uta Lira's Distillery.
 38042 | Elf:3    | Found Ciaqijac's Antique Weapon Emporium.
 38043 | Elf:3    | Found Irupuf's Book Shoppe.
 38054 | Elf:3    | Bought a potion of heal wounds for 100 gold pieces
 38054 | Elf:3    | Bought a potion of might for 80 gold pieces
 38054 | Elf:3    | Bought a potion of heal wounds for 100 gold pieces
 38054 | Elf:3    | Bought a potion of curing for 60 gold pieces
 38435 | Elf:3    | Reached XP level 22. HP: 126/150 MP: 22/22
 38504 | Elf:3    | Identified the ring of Vavire {+Fly rN+ MR+}
 38537 | Elf:3    | Identified the +8 war axe of Peril {vorpal, *Contam Str+2
                  | Dex+4}
 38552 | Elf:3    | Identified the cursed +1 great sword "Hammic" {vorpal,
                  | rElec Str+2 Int+5 Stlth-}
 38578 | Elf:3    | Received a gift from Trog
 38654 | Elf:3    | Identified the +10 plate armour "Pukaz" {Harm rF+ rN+}
 38654 | Elf:3    | Identified the ring of Irast {rElec rN+ MP+9}
 38719 | Elf:3    | Found the +6 arbalest "Damnation" {damnation}
 38721 | Elf:3    | Identified Koanaj's Wizardry for Absolute Beginners
 38747 | Elf:3    | Identified Sif Muna's Incunabulum of the Glacial Compass
 39318 | Shoals:1 | Entered Level 1 of the Shoals
 39570 | Shoals:1 | Identified the ring "Emiqiv" {MR+ Int+6 Stlth+} (You found
                  | it on level 1 of the Shoals)
 39861 | Shoals:1 | Received a gift from Trog
 39895 | Shoals:1 | Found Giucvaiji's Gadget Emporium.
 39981 | Shoals:1 | Found Ytomif's Magic Scroll Boutique.
 39984 | Shoals:1 | Bought a scroll of identify for 26 gold pieces
 39984 | Shoals:1 | Bought a scroll of identify for 26 gold pieces
 39984 | Shoals:1 | Bought a scroll of enchant weapon for 97 gold pieces
 39984 | Shoals:1 | Bought a scroll of summoning for 123 gold pieces
 39984 | Shoals:1 | Bought a scroll of identify for 26 gold pieces
 39984 | Shoals:1 | Bought 2 scrolls of summoning for 247 gold pieces
 39984 | Shoals:1 | Bought a scroll of fear for 45 gold pieces
 39984 | Shoals:1 | Bought a scroll of identify for 26 gold pieces
 39984 | Shoals:1 | Bought a scroll of blinking for 97 gold pieces
 40253 | Shoals:2 | Noticed Ilsuiw
 40298 | Shoals:2 | Killed Ilsuiw
 41060 | Shoals:3 | Noticed Polyphemus
 41061 | Shoals:3 | Received a gift from Trog
 41089 | Shoals:3 | Killed Polyphemus
 41093 | Shoals:3 | Noticed Bai Suzhen
 41116 | Shoals:3 | Killed Bai Suzhen
 41159 | Shoals:3 | Noticed Kirke
 41184 | Shoals:3 | Killed Kirke
 41508 | Shoals:3 | Identified the +5 great mace of Causality {freeze, rN++
                  | MP+9 Int-3 SInv} (You found it on level 3 of the Shoals)
 41794 | Shoals:4 | Entered Level 4 of the Shoals
 41794 | Shoals:4 | Found Kathoanu's Gadget Shoppe.
 41924 | Shoals:4 | Reached skill level 23 in Axes
 42201 | Shoals:4 | Reached XP level 23. HP: 154/156 MP: 23/23
 42709 | Shoals:4 | Got a barnacled rune of Zot
 43423 | Vaults:5 | Entered Level 5 of the Vaults
 43446 | Vaults:5 | Received a gift from Trog
 43446 | Vaults:5 | Noticed an ancient lich
 43459 | Vaults:5 | Gained mutation: You are weak. (Str -2) [a cacodemon]
 43470 | Vaults:4 | Killed an ancient lich
 43564 | Vaults:5 | Noticed an ancient lich
 43612 | Vaults:4 | Received a gift from Trog
 43631 | Vaults:4 | HP: 7/234 [fire giant/bolt of fire (33)]
 43633 | Vaults:4 | Killed from afar by a fire giant

Illustrated notes

Levels and vault maps discovered:
D:1:      heliophobic_arrival_battle_scene, layout_loops_cross
D:2:      layout_basic, uniq_terence, uniq_jessica, uniq_robin, uniq_sigmund
D:3:      layout_basic, gammafunk_ghost_grave, uniq_natasha
D:4:      layout_basic, uniq_menkaure, uniq_pikel
D:5:      layout_loops_cross, kennysheep_nub, uniq_eustachio
D:6:      layout_layer_cave, ebering_ghost_sewer_d, minmay_mini_ossuary,
          uniq_maggie
D:7:      layout_basic, overflow_temple_1_default,
          minmay_temple_entry_statues_pillars, nicolae_qazlal_style_of_elements
D:8:      layout_loops_ring, erik_lair_dragon, uniq_harold, uniq_gastronok
D:9:      layout_roguey
D:10:     layout_loops_ring, orc_0_dummy, elyvilon_altar_4
D:11:     layout_roguey, serial_undead, serial_undead_b, serial_undead_f,
          serial_undead_c, serial_undead_f, serial_undead_b, minivault_19,
          kennysheep_generic_room_16
D:12:     minmay_cornered_nines, layout_gridville, serial_shops, shop,
          special_room [special_room_bee], uniq_snorg, uniq_urug
D:13:     layout_rooms, erik_vaults_1
D:14:     minmay_stepped, layout_small_grid, gauntlet_entry_generic,
          minivault_20
D:15:     grunt_enter_depths_magical_seal, layout_loops_corners
Lair:1:   layout_chaotic_city
Lair:2:   layout_cellular_growth, elwin_shoals_entry_rocks,
          portal_ice_cave_entry_ice_beasts, beast_lair_carwin_6,
          lemuel_fruit_tree, uniq_fannar
Lair:3:   layout_regular_city, chequers_serial_rivers_small_a
Lair:4:   layout_layer_cave, skrybe_swamp_entry_bodies, lemuel_oklob_altar,
          grunt_megastairs_5
Lair:5:   layout_gridlike
Lair:6:   evil_forest, layout_cave_pods, slime_altar_1, st_stairs_5,
          small_statue_intersection, chequers_serial_rivers_micro_e,
          lemuel_fruit_fields, uniq_sonja
Swamp:1:  layout_falls_marsh, serial_swamp_ruin, evilmike_swamp_ruin_house_6,
          hangedman_swamp_ruin_wall, swamp_pool4
Swamp:2:  layout_basic_swamp, evilmike_swamp_ruin_house_2,
          hangedman_swamp_wriggling
Swamp:3:  layout_basic_swamp, hangedman_swamp_blocks, uniq_roxanne
Swamp:4:  byrel_swamp_growth_death_and_undeath, layout_basic_swamp,
          infiniplex_staircase_pool_2
Shoals:1: layout_shoals, serial_shops, nicolae_shop_behind_doors,
          shop_fountains, nicolae_shoals_wave_tunnel
Shoals:2: layout_shoals, uniq_ilsuiw
Shoals:3: layout_shoals, nicolae_shoals_kraken_intersection, uniq_kirke,
          uniq_polyphemus, uniq_bai_suzhen
Shoals:4: shoals_end_grunt_ice, layout_shoals, serial_shops, shop
Orc:1:    layout_caves, serial_shops, nicolae_shop_behind_doors,
          guppyfry_orc_lava_fort, uniq_maurice
Orc:2:    st_orc_rangers, layout_caves, basic_altar
Elf:1:    minmay_elf_arrival_plus, layout_geoelf_diagonals,
          serial_co_window_serial, co_window_paths_b, co_window_paths_a,
          co_window_cross_1, co_window_corner_a, co_window_paths_b,
          co_window_of_opportunity_b, co_window_corner_b, co_window_paths_c,
          co_window_4corner_b, co_window_paths_e, glass_columns_a,
          glass_columns_c, glass_columns_a, glass_columns_b,
          hangedman_elf_represent
Elf:2:    layout_loops_cross, minivault_14, fountainhead
Elf:3:    minmay_elf_hall_curves, layout_gridlike, serial_shops, shop,
          grunt_megastairs_3, minmay_shop_star, uniq_donald
Vaults:1: hangedman_vaults_snaps, nicolae_vaults_network_quincunx
          [nicolae_vaults_network_quincunx_subvault,
          nicolae_vaults_network_quincunx_subvault,
          nicolae_vaults_network_quincunx_subvault,
          nicolae_vaults_network_quincunx_subvault,
          nicolae_vaults_network_quincunx_subvault], vaults_room_large_hall,
          vaults_room_pool, ontoclasm_vaults_twist, ontoclasm_vaults_fault,
          v_misc_10, grunt_vaults_swirl, v_misc_18,
          nicolae_vaults_little_squares_6, v_misc_10, layout_vaults_maze_bifur,
          serial_shops, shop, uniq_asterion
Vaults:2: nicolae_vaults_angled_halls, minmay_crypt_entry_simple_walls,
          v_misc_3, vaults_dpeg_spiral, vaults_mumra_hex,
          nicolae_vaults_network_quinsquares
          [nicolae_vaults_network_quincunx_subvault,
          nicolae_vaults_network_quincunx_subvault,
          nicolae_vaults_network_quincunx_subvault,
          nicolae_vaults_network_quincunx_subvault], ontoclasm_vaults_eye,
          v_misc_12, hangedman_vaults_maws, nicolae_vaults_shelves_hall,
          nicolae_vaults_little_ls, nicolae_vaults_little_squares_6,
          nicolae_vaults_specimen_jars, vaults_dpeg_hooks, layout_vaults_ring,
          serial_hangedman_research, hangedman_research_geology,
          hangedman_research_thermodynamics, uniq_margery, uniq_saint_roka
Vaults:3: hangedman_vaults_impose, grunt_vaults_hallway_short,
          nicolae_vaults_little_squares_2, grunt_vaults_hallway_short, v_misc_9,
          dpeg_vaults_waves, v_alt_pattern_3, hangedman_vaults_impose,
          layout_vaults_omnigrid, serial_shops, shop_fountains, uniq_frederick
Vaults:4: v_misc_25, v_misc_2, grunt_vaults_focal, dpeg_vaults_monster_box,
          ontoclasm_vaults_ligature, v_misc_30, nicolae_vaults_an_arrangement,
          nicolae_vaults_little_squares_4, layout_vaults_omnicross
Vaults:5: serial_shops, uniq_boris

Skill      XL: |  1  2  3  4  5  6  7  8  9 10 11 12 13 14 15 16 17 18 19 20 21 22 23 |
---------------+----------------------------------------------------------------------+-----
Axes           | 3 4 5 6 7 9 11 12 14 15 16 17 18 19 20 21 22 23 | 23.4
Dodging        | 2 3 4 5 6 7 |  7.7
Armour         | 3 4 5 6 7 8 9 12 13 15 16 17 18 | 18.0
Fighting       | 4 5 7 8 9 10 12 13 14 15 16 17 18 19 20 | 20.0
Evocations     | 2 4 5 6 8 9 10 11 12 13 14 | 14.8
Shields        | 4 6 7 9 |  9.2

Action                   |  1- 3 |  4- 6 |  7- 9 | 10-12 | 13-15 | 16-18 | 19-21 | 22-24 || total
-------------------------+-------+-------+-------+-------+-------+-------+-------+-------++-------
Melee: Hand axe          |   128 |   163 |   529 |   208 |       |       |       |       ||  1028
       War axe           |       |       |       |   513 |  1282 |  1629 |  1787 |   834 ||  6045
       Broad axe         |       |       |       |    13 |   116 |    93 |       |     4 ||   226
Invok: Berserk           |     1 |     4 |    11 |    13 |    18 |    22 |    16 |     7 ||    92
       Trog's Hand       |       |     1 |     1 |     2 |    10 |     5 |    10 |     8 ||    37
       Brothers in Arms  |       |       |       |       |     1 |     3 |     2 |     1 ||     7
 Abil: Fly               |       |       |       |       |     1 |       |       |       ||     1
Evoke: Wand              |       |       |       |       |     5 |     3 |     1 |       ||     9
  Use: Scroll            |       |       |     6 |     4 |    22 |    10 |     6 |    10 ||    58
       Potion            |       |       |       |       |       |       |       |     3 ||     3
 Stab: Paralysed         |       |       |       |       |       |     2 |       |       ||     2
       Petrified         |       |       |       |       |       |       |     3 |       ||     3
       Distracted        |       |       |       |       |       |       |     1 |       ||     1
       Invisible         |       |       |       |       |       |       |       |     8 ||     8
Armor: Animal skin       |    55 |     6 |       |       |       |       |       |       ||    61
       Scale mail        |       |    70 |   206 |       |       |       |       |       ||   276
       Plate armour      |       |       |    73 |   538 |   769 |  1075 |   844 |   567 ||  3866
Dodge: Dodged            |    89 |    61 |   240 |   196 |   381 |   699 |   427 |   181 ||  2274
Block: Kite shield       |       |       |       |   360 |   779 |  1151 |       |  1319 ||  3609
       Reflection        |       |       |       |       |       |    32 |   108 |    94 ||   234
       Tower shield      |       |       |       |       |       |   175 |  1736 |    49 ||  1960

Table legend: (Time is in decaauts)
 A = Elapsed time spent in this place.
 B = Non-inter-level travel time spent in this place.
 C = Inter-level travel time spent in this place.
 D = Time resting spent in this place.
 E = Time spent auto-exploring this place.
 F = Levels seen in this place.
 G = Mean time per level.
                   A        B        C        D        E       F      G
               +--------+--------+--------+--------+--------+-----+--------+
         Total |  43041 |  40318 |   2723 |    847 |  28131 |  41 | 1049.8 |
       Dungeon |  17232 |  16026 |   1206 |    473 |  12399 |  15 | 1148.8 |
          Lair |   6214 |   5811 |    403 |      0 |   4664 |   6 | 1035.7 |
         Swamp |   3794 |   3638 |    156 |    298 |   1866 |   4 |  948.5 |
        Shoals |   3576 |   3396 |    180 |      5 |   2616 |   4 |  894.0 |
  Orcish Mines |   1793 |   1646 |    147 |      0 |   1053 |   2 |  896.5 |
   Elven Halls |   3987 |   3810 |    177 |      0 |   2344 |   3 | 1329.0 |
        Vaults |   5769 |   5318 |    451 |     32 |   3187 |   5 | 1153.8 |
      Ice Cave |    451 |    451 |      0 |      5 |      0 |   1 |  451.0 |
      Gauntlet |    221 |    221 |      0 |     33 |      0 |   1 |  221.0 |
               +--------+--------+--------+--------+--------+-----+--------+

Top non-repeatable levels by time:
     D:6: 1861 daAuts
     D:8: 1825 daAuts
    D:12: 1668 daAuts
    D:14: 1667 daAuts
Vaults:2: 1644 daAuts
   Elf:3: 1468 daAuts
Vaults:4: 1423 daAuts
Vaults:1: 1386 daAuts
  Lair:6: 1359 daAuts
   Elf:1: 1345 daAuts
  Lair:2: 1303 daAuts
Vaults:3: 1275 daAuts
     D:4: 1240 daAuts
   Elf:2: 1173 daAuts
 Swamp:1: 1173 daAuts
